 Dungeon Crawl Stone Soup version 0.30-a0-585-g93115170b9 (webtiles) character file.

Game seed: 14714294547742934122

19 brightshaft the Slasher (level 2, -2/17 HPs)
             Began as a Tengu Gladiator on Jan 2, 2023.
             Slain by Terence
             ... wielding a +0 flail
              (7 damage)
             ... on level 1 of the Dungeon.
             The game lasted 00:01:12 (750 turns).

brightshaft the Slasher (Tengu Gladiator)            Turns: 750, Time: 00:01:12

Health: -2/17      AC:  3    Str: 14    XL:     2   Next: 75%
Magic:  3/3        EV: 12    Int:  8    God:
Gold:   60         SH:  0    Dex: 15    Spells: 1/1 levels left

rFire   . . .      SeeInvis .    a - +0 long sword
rCold   . . .      Faith    .    (no shield)
rNeg    . . .      Spirit   .    b - +0 leather armour
rPois   .          Reflect  .    c - +0 hat
rElec   .          Harm     .    (no cloak)
rCorr   .          Rampage  .    (no gloves)
Will    .....                    (boots unavailable)
Stlth   +                        (no amulet)
HPRegen 0.22/turn                (no ring)
MPRegen 0.08/turn                (no ring)

@: no status effects
A: beak, talons 3
a: no special abilities


You were on level 1 of the Dungeon.
You visited 1 branch of the dungeon, and saw 2 of its levels.

You collected 60 gold pieces.

Inventory:

Hand Weapons
 a - a +0 long sword (weapon)
Missiles
 d - 3 throwing nets (quivered)
 e - 6 javelins
Armour
 b - a +0 leather armour (worn)
 c - a +0 hat (worn)
 i - a +0 ring mail
Scrolls
 f - a scroll of fog {unknown}
 g - 2 scrolls of identify {unknown}
 h - a scroll of immolation {unknown}
Potions
 j - a potion of magic {unknown}


   Skills:
 - Level 2.0 Fighting
 * Level 4.3 Long Blades
 - Level 2.0 Throwing
 - Level 3.2 Dodging


You had one spell level left.
You didn't know any spells.
Your spell library was empty.

Dungeon Overview and Level Annotations

Branches:
Dungeon (2/15)

Altars:

Annotations:
D:1 Terence


Innate Abilities, Weirdness & Mutations

You have a beak for a mouth.
You have claws for feet.


Message History

You hit the goblin.
You kill the goblin!
The bat barely misses you.
You closely miss the bat. The bat hits you but does no damage. x2
You closely miss the hobgoblin. Your kick misses the hobgoblin.
Your peck misses the hobgoblin. The bat barely misses you.
The hobgoblin hits you.
Throw: 3 throwing nets
Press: ? - help, Q - select action, (/) - cycle Shift-Dir - straight line, f - hobgoblin
Aim: a hobgoblin (60% to hit)
Okay, then.
The bat hits you. Terence misses you. The hobgoblin hits you.
You climb upwards.
There is a stone staircase leading down here.
You hit the hobgoblin.
You kill the hobgoblin!
Terence barely misses you. Terence hits you but does no damage.
Okay, then.
There is an open door here.
You barely miss Terence. You claw Terence, but do no damage.
Terence misses you. Terence closely misses you.
You closely miss Terence. You claw Terence.
Terence is moderately wounded.
Terence closely misses you.
You closely miss Terence. You peck Terence, but do no damage.
Terence is moderately wounded.
Terence barely misses you.
You barely miss Terence. Your kick misses Terence.
You peck Terence, but do no damage.
Terence is moderately wounded.
Terence closely misses you.
You closely miss Terence. You claw Terence.
Terence is moderately wounded.
Terence hits you with a +0 flail!
* * * LOW HITPOINT WARNING * * *
You slash Terence! Your kick misses Terence.
Terence is almost dead.
Terence hits you with a +0 flail!
You die...

#.# #.# #.# #.# #.### #.#
####...###.### #....#..##.#..
#....⌠..##.#.#
####.......##.#..
####......._.⌠##.###
#>@@...............#
#.##.....⌠...⌠.#.#.#
#####.##....#..#####.#.#
#...#.##....##...# #.#.#
#...#..........#.###.#.#
########...#.########.#.....#.#
#....(.#...#.######...#........
#......#...#.##...#.#..........
#......#...#.##...#............


You could see Terence.

Vanquished Creatures
  3 ball pythons (D:1)
  An endoplasm (D:1)
  A giant cockroach (D:1)
  3 goblins
  2 hobgoblins (D:1)
  5 bats (D:1)
  3 rats (D:1)
18 creatures vanquished.

Notes
Turn   | Place    | Note
-------+----------+-------------------------------------------
     0 | D:1      | brightshaft the Tengu Gladiator began the quest for the
                  | Orb.
     0 | D:1      | Reached XP level 1. HP: 12/12 MP: 2/2
    84 | D:1      | Reached XP level 2. HP: 17/17 MP: 3/3
   110 | D:1      | Found a faded altar of an unknown god.
   126 | D:1      | Reached skill level 4 in Long Blades
   736 | D:2      | Noticed Terence
   750 | D:1      | Slain by Terence

Illustrated notes

Levels and vault maps discovered:
D:1:      scummos_arrival_forest, layout_basic,
          hellmonk_ecumenical_altar_run_dry, minmay_strange_pillars,
          corexii_corridor_pit
D:2:      layout_rooms, uniq_terence

Skill      XL: |  1  2 |
---------------+-------+-----
Long Blades    | 4 |  4.3
Fighting       | |  2.0
Throwing       | |  2.0
Dodging        | |  3.2

Action                   || total
-------------------------++-------
Melee: Long sword        ||    43
       Peck              ||     7
       Kick              ||     9
Armor: Leather armour    ||    15
Dodge: Dodged            ||    39

Table legend: (Time is in decaauts)
 A = Elapsed time spent in this place.
 B = Non-inter-level travel time spent in this place.
 C = Inter-level travel time spent in this place.
 D = Time resting spent in this place.
 E = Time spent auto-exploring this place.
 F = Levels seen in this place.
 G = Mean time per level.
                   A        B        C        D        E       F      G
               +--------+--------+--------+--------+--------+-----+--------+
         Total |    761 |    748 |     13 |      0 |    614 |   2 |  380.5 |
       Dungeon |    761 |    748 |     13 |      0 |    614 |   2 |  380.5 |
               +--------+--------+--------+--------+--------+-----+--------+

Top non-repeatable levels by time:
     D:1: 755 daAuts
     D:2: 5 daAuts
